 Dungeon Crawl Stone Soup version 0.30-a0-374-g95c0257040 (webtiles) character file.

Game seed: 16814112900907612292

0 NinjaNoafa the Ducker (level 1, -10/11 HPs)
             Began as a Spriggan Monk on Nov 27, 2022.
             Engulfed by a cloud of flame (15 damage)
             ... on level 1 of the Dungeon.
             The game lasted 00:00:57 (200 turns).

NinjaNoafa the Ducker (Spriggan Monk)                Turns: 200, Time: 00:00:57

Health: -10/11     AC:  2    Str:  7    XL:     1   Next: 8%
Magic:  2/2        EV: 18    Int: 11    God:
Gold:   32         SH:  0    Dex: 17    Spells: 0/0 levels left

rFire   + . .      SeeInvis +    a - +0 short sword
rCold   x . .      Faith    .    (no shield)
rNeg    . . .      Spirit   .    b - +0 robe
rPois   .          Reflect  .    (helmet restricted)
rElec   .          Harm     .    (no cloak)
rCorr   .          Rampage  .    (gloves unavailable)
Will    .....                    (boots unavailable)
Stlth   ++........               (no amulet)
HPRegen 0.21/turn                f - ring of fire
MPRegen 0.08/turn                (no ring)

@: very quick
A: very small, no large weapons, unfitting armour, see invisible, speed 3
a: no special abilities


You were on level 1 of the Dungeon.
You visited 1 branch of the dungeon, and saw 1 of its levels.

You collected 32 gold pieces.

Inventory:

Hand Weapons
 a - a +0 short sword (weapon)
Armour
 b - a +0 robe (worn)
Jewellery
 f - a ring of fire (left hand)
Wands
 e - a wand of paralysis (8)
Scrolls
 d - a scroll of vulnerability {unknown}
Potions
 c - a potion of ambrosia


   Skills:
 - Level 2.4 Fighting
 + Level 3.3 Short Blades
 + Level 4.0 Dodging
 - Level 3.0 Stealth


You couldn't memorise any spells.
You didn't know any spells.
Your spell library was empty.

Dungeon Overview and Level Annotations

Branches:
Dungeon (1/15)

Altars:


Innate Abilities, Weirdness & Mutations

You are very small and have problems with some larger weapons.
You are too small for most types of armour.
You have supernaturally acute eyesight. (SInv)
You cover ground extremely quickly. (Speed+++)


Message History

The rat is severely wounded.
The rat misses you.
You hit the rat but do no damage.
The rat is severely wounded.
The rat misses you.
You hit the rat.
You kill the rat!
You see here a rat corpse.
HP restored.
You're in a travel-excluded area, stopping explore.
You're in a travel-excluded area, stopping explore.
You now have 17 gold pieces (gained 7).
e - a wand of paralysis (8)
You now have 32 gold pieces (gained 15).
f - a ring of fire
Okay, then.
You feel more attuned to fire.
f - a ring of fire (left hand) Really walk into a travel-excluded area? [Y]es or [N]o only, please.
Really walk into a travel-excluded area?
You are engulfed in blazing flames.
You resist.
Ouch! That really hurt!
You start resting.
HP restored.
Really walk into a travel-excluded area?
You are engulfed in blazing flames.
You resist.
Ouch! That really hurt!
* * * LOW HITPOINT WARNING * * *
Partly explored, can't reach some places.
Really walk into a travel-excluded area?
Really walk into a travel-excluded area?
Uppercase [Y]es or [N]o only, please.
Really walk into a travel-excluded area?
Really walk into that cloud of flame?
You are engulfed in blazing flames.
You resist.
Ouch! That really hurt!
You are engulfed in blazing flames.
You resist.
Ouch! That really hurt!
You die...

#§°.# #§☼°# #
######...######
#..#.○☼§.....§§°.#
#.....°§.....☼°..#
......°☼.....☼°§.#
#..######...######
#○°§# #§@§# #§☼☼#
# #...# # # .....
# #. # ####.##
#.#.#### #..
........ #.##
###..⌠.. .#
......## #....#<


There were no monsters in sight!

Vanquished Creatures
  A rat (D:1)
1 creature vanquished.

Notes
Turn   | Place    | Note
-------+----------+-------------------------------------------
     0 | D:1      | NinjaNoafa the Spriggan Monk began the quest for the Orb.
     0 | D:1      | Reached XP level 1. HP: 11/11 MP: 2/2
   200 | D:1      | Engulfed by a cloud of flame

Illustrated notes

Levels and vault maps discovered:
D:1:      scummos_arrival_simple_fountains, layout_basic, serial_shops,
          shop_fountains, lemuel_flame_loot_1

Action                   || total
-------------------------++-------
Melee: Short sword       ||     7
Dodge: Dodged            ||     5

Table legend: (Time is in decaauts)
 A = Elapsed time spent in this place.
 B = Non-inter-level travel time spent in this place.
 C = Inter-level travel time spent in this place.
 D = Time resting spent in this place.
 E = Time spent auto-exploring this place.
 F = Levels seen in this place.
 G = Mean time per level.
                   A        B        C        D        E       F      G
               +--------+--------+--------+--------+--------+-----+--------+
         Total |    153 |    153 |      0 |     29 |     87 |   1 |  153.0 |
       Dungeon |    153 |    153 |      0 |     29 |     87 |   1 |  153.0 |
               +--------+--------+--------+--------+--------+-----+--------+

Top non-repeatable levels by time:
     D:1: 153 daAuts
